 Dungeon Sprint DCSS version 0.26-a0-672-g1df16c3386 (webtiles) character file.

Game seed: 7695971931956070521

26303 mhtbhm the Fencer (level 12, -23/128 HPs)
             Began as a Minotaur Fighter on Oct 20, 2020.
             Was the Champion of Okawaru.
             Killed from afar by a thorn hunter (31 damage)
             ... with a volley of thorns
             ... in the Dungeon (Sprint IX: "|||||||||||||||||||||||||||||").
             The game lasted 00:09:34 (5084 turns).

mhtbhm the Fencer (Minotaur Fighter)                Turns: 5084, Time: 00:09:35

Health: -23/128    AC: 19    Str: 27    XL:     12   Next: 97%
Magic:  11/11      EV: 14    Int:  8    God:    Okawaru [******]
Gold:   301        SH: 16    Dex: 12    Spells: 11/11 levels left

rFire    + + .     SeeInvis .   a - +1 double sword
rCold    + . .     Faith    .   c - +0 kite shield
rNeg     . . .     Spirit   .   y - +3 scale mail {rPois}
rPois    +         Reflect  .   z - +1 hat {Int+3}
rElec    .         Harm     .   i - scarf {rC+ rF+}
rCorr    .         Rampage  .   o - +0 pair of gloves
MR       .....     NoTele   +   d - +1 pair of boots
Stlth    ++........             (no amulet)
HPRegen  0.31/turn              B - ring of protection from fire
MPRegen  0.12/turn              q - +3 ring of dexterity

@: no status effects
A: retaliatory headbutt, horns 2
a: Heroism, Finesse, Renounce Religion


You were in the Dungeon.
You worshipped Okawaru.
Okawaru was exalted by your worship.
You visited 1 branch You collected 1920 gold pieces.
You spent 1619 gold pieces at shops.

Inventory:

Hand Weapons
 a - a +1 double sword (weapon)
Missiles
 u - 5 atropa-tipped darts
 G - 2 javelins (quivered)
Armour
 b - a +1 chain mail of fire resistance
 c - a +0 kite shield (worn)
 d - a +1 pair of boots (worn)
 i - a scarf of resistance (worn)
 o - a +0 pair of gloves (worn)
 v - a +2 cloak of preservation
 w - the +6 scale mail of Valour {Int+4}
   (You bought it in a shop in the Dungeon)

   It affects your intelligence (+4).
 y - a +3 scale mail of poison resistance (worn)
 z - a +1 hat of intelligence (worn)
Magical Staves
 r - an uncursed staff of earth
Jewellery
 q - a +3 ring of dexterity (right hand)
 B - a ring of protection from fire (left hand)
 C - an uncursed ring of see invisible
 D - a +6 ring of dexterity
Wands
 n - a wand of acid (6)
Scrolls
 j - 6 scrolls of blinking
 l - 3 scrolls of remove curse
 m - 2 scrolls of amnesia
 s - 2 scrolls of enchant weapon
 t - 4 scrolls of enchant armour
 x - 3 scrolls of identify
 E - 2 scrolls of fear
 F - a scroll of fog
Potions
 e - 5 potions of curing
 f - 9 potions of heal wounds
 g - 2 potions of haste
 h - 4 potions of magic
 k - 2 potions of stabbing
 p - 3 potions of might
Miscellaneous
 A - a phantom mirror


   Skills:
 + Level 18.5 Fighting
 + Level 19.1 Long Blades
 + Level 7.4 Throwing
 + Level 17.5 Armour
 + Level 6.5 Dodging
 + Level 6.0 Stealth
 + Level 18.9 Shields
 + Level 0.1 Invocations
 + Level 2.6 Evocations


You had 11 spell levels left.
You didn't know any spells.
Your spell library was empty.

Dungeon Overview and Level Annotations

Branches:
Dungeon (1/1)

Altars:
Cheibriados
Dithmenos
Elyvilon
Fedhas
Gozag
Hepliaklqana
Kikubaaqudgha
Makhleb
Nemelex Xobeh
Okawaru
Qazlal
Ru
Sif Muna
Trog
Uskayaw
Vehumet
Wu Jian
Xom
Yredelemnul
Zin
The Shining One
Beogh
Jiyva
Lugonu

Shops:
D *[(*


Innate Abilities, Weirdness & Mutations

You reflexively headbutt those who attack you in melee.
You have a pair of horns on your head.


Message History

The thorn hunter is heavily damaged.
The thorn hunter hits you!
* * * LOW HITPOINT WARNING * * *
The thorn hunter barely misses you.
You barely miss the thorn hunter. Your headbutt misses the thorn hunter.
The thorn hunter is heavily damaged.
You slash the thorn hunter!
You headbutt the thorn hunter, but do no damage.
The thorn hunter is severely damaged.
The thorn hunter fires a volley of thorns at you.
The volley of thorns misses you.
You hit the thorn hunter.
You headbutt the thorn hunter, but do no damage.
The thorn hunter is severely damaged.
The thorn hunter hits you but does no damage. x2
You completely miss the thorn hunter.
The thorn hunter is severely damaged.
The thorn hunter fires a volley of thorns at you.
The volley of thorns hits you!!
You die...

♣y♣.▓)▓.▓.▓.▓'▓.▓_▓
♣w♣.▓)▓.▓)▓.▓.▓.▓_▓
♣F♣P▓)▓.▓)▓.▓.▓.▓_▓
♣f♣P▓)▓.▓)▓.▓.▓.▓_▓
♣f♣.▓)▓.▓)▓.▓.▓.▓_▓
♣§♣.▓)▓.▓[▓.▓.▓.▓'▓
♣'♣.▓)▓.▓)▓.▓[▓.▓.▓
▓.▓.▓=▓.▓[▓.▓.▓.▓.▓
▓.▓@▓.▓.▓)▓.▓(▓.▓.▓
▓.▓f▓.▓.▓.▓)▓.▓.▓.▓
▓P▓.▓[▓.▓.▓.▓.▓.▓.▓
▓.▓.▓.▓.▓.▓.▓.▓.▓)▓
▓.▓.▓'▓.▓.▓.▓.▓.▓.▓
▓.▓.▓.▓.▓.▓.▓.▓.▓.▓
▓.▓.▓.▓.▓.▓.▓'▓.▓.▓
▓.▓.▓.▓.▓.▓.▓.▓.▓.▓
▓.▓.▓.▓.▓.▓.▓.▓.▓.▓


You could see a thorn hunter.

Vanquished Creatures
  Gastronok (D)
  2 stone giants (D)
  2 ogre magi (D)
  A shambling mangrove (D)
  A hydra (D)
  A two-headed ogre (D)
  A deep troll shaman (D)
  5 orc high priests (D)
  A spriggan (D)
  12 orc knights (D)
  An orc sorcerer (D)
  A deep elf mage (D)
  Joseph (D)
  2 rime drakes (D)
  3 cane toads (D)
  2 yaktaurs (D)
  2 komodo dragons (D)
  5 polar bears (D)
  3 trolls (D)
  A hornet (D)
  A blink frog (D)
  A slime creature (D)
  A shadow (D)
  A basilisk (D)
  A wyvern (shapeshifter) (D)
  2 wyverns (D)
  4 yaks (D)
  A wraith (D)
  2 vampire mosquitoes (D)
  A steam dragon (D)
  An insubstantial wisp (D)
  A water moccasin (D)
  3 black bears (D)
  10 orc warriors (D)
  A phantom (D)
  A centaur (D)
  6 bullfrogs (D)
  A wight (D)
  2 hounds (D)
  A jelly (D)
  3 orc priests (D)
  3 orc wizards (D)
  A worker ant (D)
  An ufetubus (D)
  7 orcs (D)
  2 bats (D)
  A bat zombie (D)
  A goblin (D)
  A frilled lizard (D)
  A rat (D)
  A briar patch (D)
112 creatures vanquished.

Vanquished Creatures (others)
  A briar patch (D)
1 creature vanquished.

Grand Total: 113 creatures vanquished

Notes
Turn   | Place    | Note
-------+----------+-------------------------------------------
     0 | D        | mhtbhm the Minotaur Fighter began the quest for the Orb.
     0 | D        | Reached XP level 1. HP: 19/19 MP: 0/0
    17 | D        | Noticed a centaur
    17 | D        | Noticed a worker ant
    21 | D        | Killed a worker ant
    21 | D        | Reached skill level 5 in Fighting
    21 | D        | Reached skill level 3 in Long Blades
    21 | D        | Reached skill level 5 in Armour
    21 | D        | Reached skill level 5 in Shields
    21 | D        | Reached XP level 2. HP: 22/29 MP: 1/1
    27 | D        | Killed a centaur
    27 | D        | Reached skill level 4 in Long Blades
    27 | D        | Reached skill level 1 in Dodging
    27 | D        | Reached XP level 3. HP: 22/38 MP: 2/2
    27 | D        | Reached XP level 4. HP: 26/45 MP: 3/3
    32 | D        | Reached skill level 5 in Long Blades
   184 | D        | Found a roughly hewn altar of Beogh.
   184 | D        | Found a snail-covered altar of Cheibriados.
   184 | D        | Found a shadowy altar of Dithmenos.
   184 | D        | Found a white marble altar of Elyvilon.
   184 | D        | Found a blossoming altar of Fedhas.
   184 | D        | Found an opulent altar of Gozag.
   185 | D        | Found a hazy altar of Hepliaklqana.
   186 | D        | Found a viscous altar of Jiyva.
   187 | D        | Found an ancient bone altar of Kikubaaqudgha.
   188 | D        | Found a corrupted altar of Lugonu.
   189 | D        | Found a burning altar of Makhleb.
   190 | D        | Found a sparkling altar of Nemelex Xobeh.
   191 | D        | Found an iron altar of Okawaru.
   192 | D        | Found a stormy altar of Qazlal.
   193 | D        | Found a sacrificial altar of Ru.
   194 | D        | Found a shimmering blue altar of Sif Muna.
   195 | D        | Found a bloodstained altar of Trog.
   196 | D        | Found a hide-covered altar of Uskayaw.
   197 | D        | Found a radiant altar of Vehumet.
   198 | D        | Found an ornate altar of the Wu Jian Council.
   199 | D        | Became a worshipper of Warmaster Okawaru
   202 | D        | Found a shimmering altar of Xom.
   203 | D        | Found a basalt altar of Yredelemnul.
   204 | D        | Found a glowing silver altar of Zin.
   205 | D        | Found a glowing golden altar of the Shining One.
   258 | D        | Noticed an orc warrior
   258 | D        | Noticed a wraith
   258 | D        | Noticed a bullfrog
   262 | D        | Killed a bullfrog
   262 | D        | Reached skill level 6 in Long Blades
   262 | D        | Reached XP level 5. HP: 48/52 MP: 4/4
   264 | D        | Killed a wraith
   264 | D        | Reached * piety under Okawaru
   264 | D        | Reached skill level 7 in Long Blades
   264 | D        | Reached XP level 6. HP: 58/62 MP: 5/5
   272 | D        | Reached skill level 8 in Long Blades
   282 | D        | Killed an orc warrior
   287 | D        | Reached skill level 9 in Long Blades
   468 | D        | Noticed a yak
   468 | D        | Noticed a troll
   468 | D        | Noticed a two-headed ogre
   468 | D        | Noticed a wyvern
   468 | D        | Noticed a troll
   472 | D        | Killed a troll
   472 | D        | Reached ** piety under Okawaru
   472 | D        | Reached skill level 10 in Long Blades
   472 | D        | Reached skill level 10 in Armour
   472 | D        | Reached skill level 10 in Shields
   472 | D        | Reached XP level 7. HP: 41/70 MP: 6/6
   479 | D        | Killed a wyvern
   482 | D        | Reached skill level 1 in Stealth
   487 | D        | Killed a two-headed ogre
   487 | D        | Reached *** piety under Okawaru
   487 | D        | Reached skill level 10 in Fighting
   487 | D        | Reached skill level 12 in Long Blades
   487 | D        | Reached XP level 8. HP: 29/79 MP: 7/7
   491 | D        | Killed a troll
   491 | D        | Reached **** piety under Okawaru
   499 | D        | Reached skill level 13 in Long Blades
   815 | D        | Noticed a six-headed hydra
   815 | D        | Noticed a komodo dragon
   821 | D        | Reached XP level 9. HP: 84/86 MP: 8/8
   824 | D        | Noticed a komodo dragon
   827 | D        | Killed a komodo dragon
   836 | D        | Killed a 12-headed hydra
   836 | D        | Received a gift from Okawaru
   836 | D        | Reached ***** piety under Okawaru
   836 | D        | Reached skill level 14 in Long Blades
   842 | D        | Reached skill level 5 in Stealth
   849 | D        | Killed a komodo dragon
   866 | D        | Received a gift from Okawaru
   869 | D        | Reached XP level 10. HP: 43/97 MP: 9/9
  1077 | D        | Noticed a cane toad
  1081 | D        | Killed a cane toad
  1081 | D        | Reached skill level 15 in Long Blades
  1118 | D        | Reached skill level 1 in Throwing
  1389 | D        | Reached skill level 16 in Long Blades
  1443 | D        | Noticed Joseph
  1452 | D        | Killed Joseph
  1452 | D        | Received a gift from Okawaru
  1461 | D        | Got an emerald-encrusted ring mail {god gift}
  1467 | D        | Identified the +5 ring mail of Puetonukk {Int+7} (Okawaru
                  | gifted it to you in the Dungeon)
  1562 | D        | Noticed an orc sorcerer
  1573 | D        | Reached skill level 15 in Shields
  1579 | D        | Killed an orc sorcerer
  1752 | D        | Noticed an orc knight
  1752 | D        | Noticed an orc knight
  1752 | D        | Noticed an orc knight
  1755 | D        | Reached XP level 11. HP: 111/111 MP: 10/10
  1758 | D        | Noticed an orc knight
  1763 | D        | Killed an orc knight
  1768 | D        | Killed an orc knight
  1773 | D        | Killed an orc knight
  1778 | D        | Killed an orc knight
  1778 | D        | Reached skill level 15 in Fighting
  1786 | D        | Reached ****** piety under Okawaru
  2010 | D        | Found Ukhlequrgh's General Store.
  2010 | D        | Noticed an orc high priest
  2010 | D        | Noticed an orc knight
  2010 | D        | Noticed an orc knight
  2010 | D        | Noticed an orc knight
  2010 | D        | Noticed an orc knight
  2011 | D        | Noticed an orc knight
  2014 | D        | Killed an orc knight
  2018 | D        | Noticed an orc knight
  2239 | D        | Killed an orc knight
  2562 | D        | Killed an orc knight
  2562 | D        | Reached skill level 17 in Long Blades
  2658 | D        | Killed an orc knight
  2738 | D        | Killed an orc high priest
  2749 | D        | Killed an orc knight
  2749 | D        | Reached skill level 15 in Armour
  2855 | D        | Killed an orc knight
  2858 | D        | Noticed an orc high priest
  2861 | D        | Noticed a sun demon
  2872 | D        | Killed an orc high priest
  2943 | D        | Noticed an orc knight
  2951 | D        | Killed an orc knight
  2951 | D        | Reached skill level 5 in Dodging
  3030 | D        | Found Deryex's Antique Weapon Shop.
  3034 | D        | Found Luem's Antique Armour Boutique.
  3038 | D        | Found Gopron Jume's Assorted Antiques.
  3042 | D        | Noticed an orc high priest
  3043 | D        | Noticed an orc high priest
  3043 | D        | Noticed an orc knight
  3044 | D        | Noticed an orc high priest
  3050 | D        | Killed an orc high priest
  3073 | D        | Killed an orc high priest
  3073 | D        | Received a gift from Okawaru
  3073 | D        | Reached skill level 5 in Throwing
  3073 | D        | Reached XP level 12. HP: 36/124 MP: 11/11
  3090 | D        | Killed an orc high priest
  3208 | D        | Bought a scroll of identify for 20 gold pieces
  3212 | D        | Bought a glowing cloak for 172 gold pieces
  3218 | D        | Bought a bloodstained scale mail for 207 gold pieces
  3223 | D        | Identified the +6 scale mail of Valour {Int+4} (You bought
                  | it in a shop in the Dungeon)
  3229 | D        | Bought a runed ring mail for 161 gold pieces
  3263 | D        | Bought 5 atropa-tipped darts for 30 gold pieces
  3269 | D        | Bought a scroll of identify for 42 gold pieces
  3269 | D        | Bought a shiny scale mail for 147 gold pieces
  3269 | D        | Bought a scroll of identify for 42 gold pieces
  3269 | D        | Bought a scroll labeled YLAZUG QAREFF for 21 gold pieces
  3269 | D        | Bought a potion of curing for 63 gold pieces
  3269 | D        | Bought a scroll of identify for 42 gold pieces
  3269 | D        | Bought a phantom mirror for 630 gold pieces
  3269 | D        | Bought a scroll of identify for 42 gold pieces
  3355 | D        | Noticed Gastronok
  3368 | D        | Killed Gastronok
  3368 | D        | Reached skill level 18 in Long Blades
  3368 | D        | Reached skill level 1 in Evocations
  3567 | D        | Noticed an ogre mage
  3569 | D        | Received a gift from Okawaru
  3570 | D        | Killed an ogre mage
  3577 | D        | Noticed a stone giant
  3586 | D        | Noticed a deep troll shaman
  3593 | D        | Killed a stone giant
  3602 | D        | Killed a deep troll shaman
  3627 | D        | Noticed a stone giant
  3642 | D        | Killed a stone giant
  3643 | D        | Noticed an ogre mage
  3645 | D        | Paralysed by an ogre mage for 2 turns
  3655 | D        | Killed an ogre mage
  4051 | D        | Noticed a shambling mangrove
  4053 | D        | Noticed a thorn hunter
  4063 | D        | Reached skill level 19 in Long Blades
  4456 | D        | Killed a shambling mangrove
  5084 | D        | Killed from afar by a thorn hunter

Illustrated notes

Levels and vault maps discovered:
D:        linesprint [early_d, line_temple, items_1, d_10, items_2, lair_1,
          lair_end, items_3, orc_1, orc_end, items_4, d_15, swamp_1, shoals_1,
          snake_1, spider_1, d_20, vaults_1, items_5, swamp_end, shoals_end,
          snake_end, spider_end, vaults_end, d_27, items_6, zot_1, zot_end,
          crypt_end, forest_end, elf_end, slime_end, tomb_end, abyss_end,
          pan_hell_end]

Skill      XL: |  1  2  3  4  5  6  7  8  9 10 11 12 |
---------------+-------------------------------------+-----
Fighting       | 5 6 7 8 9 10 12 14 16 18 | 18.5
Armour         | 5 6 7 9 10 11 12 13 15 17 | 17.5
Shields        | 5 6 7 8 10 11 12 13 15 17 18 | 18.9
Long Blades    | 3 4 6 7 10 12 13 14 16 17 19 | 19.1
Dodging        | 1 2 3 4 5 6 |  6.5
Stealth        | 2 3 5 6 |  6.0
Throwing       | 2 5 7 |  7.4
Evocations     | 2 |  2.6
Invocations    | |  0.1

Action                   |  1- 3 |  4- 6 |  7- 9 | 10-12 || total
-------------------------+-------+-------+-------+-------++-------
Melee: Long sword        |    17 |     8 |       |       ||    25
       Headbutt          |     3 |     5 |    17 |   105 ||   130
       Scimitar          |       |    32 |    69 |   256 ||   357
       Double sword      |       |       |       |    81 ||    81
Throw: Javelin           |       |       |       |    27 ||    27
       Dart              |       |       |       |     3 ||     3
Invok: Heroism           |       |       |       |     1 ||     1
Evoke: Wand              |       |       |       |     4 ||     4
  Use: Potion            |       |     1 |     1 |     7 ||     9
       Scroll            |       |       |       |     4 ||     4
 Stab: Invisible         |       |     1 |     5 |       ||     6
Armor: Scale mail        |    10 |     6 |       |    22 ||    38
       Plate armour      |       |    10 |    17 |    29 ||    56
       Ring mail         |       |       |       |     1 ||     1
       Chain mail        |       |       |       |    15 ||    15
Dodge: Dodged            |     3 |     9 |    11 |    66 ||    89
Block: Kite shield       |     8 |    23 |    36 |   149 ||   216
       Rpst.: Long sword |     2 |       |       |       ||     2
       Scimitar          |       |     1 |     3 |    12 ||    16
       Double sword      |       |       |       |     5 ||     5

Table legend: (Time is in decaauts)
 A = Elapsed time spent in this place.
 B = Non-inter-level travel time spent in this place.
 C = Inter-level travel time spent in this place.
 D = Time resting spent in this place.
 E = Time spent auto-exploring this place.
 F = Levels seen in this place.
 G = Mean time per level.
                   A        B        C        D        E       F      G
               +--------+--------+--------+--------+--------+-----+--------+
         Total |   4986 |   4807 |    179 |   1873 |   1420 |   1 | 4986.0 |
       Dungeon |   4986 |   4807 |    179 |   1873 |   1420 |   1 | 4986.0 |
               +--------+--------+--------+--------+--------+-----+--------+

Top non-repeatable levels by time:
       D: 4986 daAuts
